AoeStats
← JaggedJimmyJay

Marketplace

505834532Analyzed
1v1 RM · 22d ago on Sep 11, 2026· 29m 22s· 2 players
Game mode
Random Map
Map size
Tiny (2 player)
Population
200
Speed
Normal
Resources
Standard
Victory
Conquest
Starting age
Dark Age
Ending age
Imperial Age
RankedLock teamsTeams togetherTeam positionsShared explorationLock speedFull tech treeHidden civsTurbo modeCheats
Victory
Defeat
🇺🇸 Khmer · United States
1015
-15
JaggedJimmyJay
3:03 Loom
10:59 Feudal Age
20:05 Castle Age
29:04 Fletching
28:49 Pikeman
★ᴄ͢͢͢ʀɪᴍɪɴᴀʟ⁰⁰⁷★࿐
6:56 Loom
10:50 Feudal Age
11:43 Double-Bit Axe
17:18 Wheelbarrow
23:33 Castle Age
22:17 Gold Mining
22:53 Forging
23:18 Scale Barding Armor
24:18 Husbandry
24:55 Chain Barding Armor
24:54 Bow Saw
25:21 Gold Shaft Mining
26:52 Iron Casting
Connection lost

Rejoining the realm…

Still unreachable

The connection could not be restored.

Session expired

The server has moved on; the page needs a fresh start.